 Dungeon Sprint DCSS version 0.17-a0-945-g601bd79 (webtiles) character file.

39233 ahoge the Bludgeoner (level 14, -2/106 HPs)
             Began as a Gargoyle Fighter on May 6, 2015.
             Was a High Priest of Okawaru.
             Killed from afar by a frost giant (6 damage)
             ... with a bolt of cold
             ... while paralysed
             ... in the Dungeon (Sprint IX: "|||||||||||||||||||||||||||||").
             The game lasted 00:33:38 (3350 turns).

ahoge the Bludgeoner (Gargoyle Fighter)             Turns: 3350, Time: 00:33:38

Health: -2/106     AC: 11    Str: 31    XL:     14   Next: 5%
Magic:  0/20       EV:  2    Int:  7    God:    Okawaru [*****.]
Gold:   1620       SH:  0    Dex: 13    Spells: 0 memorised, 13 levels left

rFire  . . .     SeeInvis +     J - +0 flail of False Accusations {crush, +Blink Str+5}
rCold  + . .     Clarity  .     H - +2 chain mail {rC+}
rNeg   + . .     SustAb   .     I - +2 buckler {reflect}
rPois  ∞         Gourm    .     a - +2 hat {Spirit}
rElec  +         Spirit   +     G - +1 cloak {MR+}
rCorr  .         Warding  .     P - +2 pair of gloves {Str+3}
rMut   .         NoTele   +     R - +1 pair of boots {Fly}
MR     ++...                    (no amulet)
Stlth  +.........               v - +2 ring of evasion
                                b - ring of see invisible

@: paralysed, exhausted, heroism, corroded equipment, flying, slowed, very
resistant to hostile enchantments, very unstealthy
A: big wings, horns 1, blurry vision 1, dopey 1, negative energy resistance 1,
electricity resistance, strong 1, unbreathing, petrification resistance, no
device heal 1, rot immunity, AC +9
a: Stop Flying, Heroism, Finesse, Renounce Religion, Evoke Blink


You were in the Dungeon.
You worshipped Okawaru.
Okawaru was extremely pleased with you.
You were very hungry.

You visited 1 branch You collected 1913 gold pieces.
You spent 293 gold pieces at shops.

Inventory:

Hand weapons
 q - a +2 dire flail of protection
 r - the +10 great mace of Modesty {vamp, rPois rF+ Str+4}
   (Okawaru gifted it to you in the Dungeon)

   It inflicts no extra harm, but heals its wielder somewhat when it strikes a
   living foe.
   It affects your strength (+4).
   It protects you from fire.
   It protects you from poison.
 J - the +0 flail of False Accusations (weapon) {crush, +Blink Str+5}
   (You bought it in a shop in the Dungeon)

   It inflicts extra damage upon your enemies.
   It affects your strength (+5).
   It lets you blink.
 V - a +5 flail of holy wrath
Missiles
 U - 10 poisoned tomahawks (quivered)
Armour
 a - a +2 hat of spirit shield (worn)
 t - a +2 ring mail
 D - a fire dragon hide
 G - a +1 cloak of magic resistance (worn)
 H - a +2 chain mail of cold resistance (worn)
 I - a +2 buckler of reflection (worn)
 M - a +3 chain mail
 N - a +1 leather armour of magic resistance
 O - a troll hide
 P - a +2 pair of gloves of strength (worn)
 Q - a +1 ice dragon armour
 R - a +1 pair of boots of flying (worn)
 S - a +1 pair of boots
 T - a +2 plate armour of poison resistance
 W - a +1 animal skin
Jewellery
 b - a ring of see invisible (left hand)
 u - a +3 ring of intelligence
 v - a +2 ring of evasion (right hand)
 K - an uncursed ring of protection from fire
 L - an uncursed ring of protection from cold
Magical devices
 c - a wand of teleportation (6)
 p - a wand of cold (7)
 F - a wand of digging (11)
Scrolls
 k - 3 scrolls of blinking
 n - 2 scrolls of remove curse
 o - 2 scrolls of amnesia
 w - a scroll of recharging
 x - 4 scrolls of enchant weapon
 y - 4 scrolls of enchant armour
 z - a scroll of fear
 A - a scroll of identify
Potions
 d - 2 potions of might
 f - 9 potions of curing
 g - 5 potions of heal wounds
 h - a potion of haste
 i - 4 potions of magic
 l - a potion of brilliance
 m - a potion of invisibility
 s - 2 potions of agility
Comestibles
 e - 13 bread rations
 B - 40 fruits
 C - 12 meat rations
 E - 15 chunks of flesh


   Skills:
 + Level 19.5(24.5) Fighting
 + Level 20.0(25.0) Maces & Flails
 + Level 11.1(16.1) Armour
 + Level 14.7(19.7) Dodging
 + Level 4.0(9.0) Stealth
 + Level 14.0(19.0) Shields
 + Level 8.3 Invocations


You had 13 spell levels left.
You didn't know any spells.

Dungeon Overview and Level Annotations

Branches:
Dungeon (1/1)

Altars:
Cheibriados
Dithmenos
Elyvilon
Fedhas
Gozag
Kikubaaqudgha
Makhleb
Nemelex Xobeh
Okawaru
Qazlal
Ru
Sif Muna
Trog
Vehumet
Xom
Yredelemnul
Zin
The Shining One
Beogh
Jiyva
Lugonu

Shops:
D :}(*


Innate Abilities, Weirdness & Mutations

You are resistant to torment.
Your stone body is resilient (AC +9).
You are immune to poison.
Your large and strong wings let you fly indefinitely.
You resist negative energy.
You are resistant to electric shocks.
You can survive without breathing.
You are immune to petrification.
You are immune to rotting.
You have a pair of small horns on your head.
Scrolls take you a little longer to read.
You are dopey. (Int -2)
Your muscles are strong. (Str +2)
Potions and wands are less effective at restoring your health.


Message History

A deep troll earth mage comes into view.
The deep troll earth mage shouts!
You beat the frost giant like a drum!!!
The frost giant is almost dead.
The frost giant completely misses you.
Some of the chunks of flesh in your inventory have rotted away.
Items here: ) ††† a great sword of flaming; an entropy weaver corpse; a fire giant corpse an entropy weaver corpse You feel a strong urge to attack something.
The tengu conjurer gestures wildly while chanting.
The tengu conjurer blinks!
There is an open door to the Dungeon, spattered with blood here.
You are no longer berserk.
You pass out from exhaustion.
You feel yourself slow down.
You are feeling very hungry.
The frost giant casts a spell at you. The bolt of cold hits you! You resist.
You die...

.........'=....))))))))........[.
▓▓▓▓▓▓▓▓▓▓▓▓▓▓▓▓▓▓▓▓▓▓▓▓▓▓▓▓▓▓▓▓▓
.........................÷.......
.▓▓▓▓▓▓▓▓▓▓▓▓▓▓▓▓▓▓▓▓▓▓▓▓♣♣♣♣♣♣♣♣
..............((.().)...['..%..%.
▓▓▓▓▓▓▓▓▓▓▓▓▓▓▓▓▓▓▓▓▓▓▓▓▓♣♣♣♣♣♣♣♣
.................................
.▓▓▓▓▓▓▓▓▓▓▓▓▓▓▓▓▓▓▓▓▓▓▓▓▓▓▓▓▓▓▓▓
................@')CGDQ*.kT
▓▓▓▓▓▓▓▓▓▓▓▓▓▓▓▓▓▓▓▓▓▓▓▓▓▓▓


You could see a frost giant, a fire dragon, a great orb of eyes and a tengu
conjurer.

Vanquished Creatures
  Gastronok (D)
  A fire giant (D)
  Aizul (D)
  Louise (D)
  A very ugly thing (D)
  An ettin (D)
  2 fire dragons (D)
  A great orb of eyes (D)
  3 entropy weavers (D)
  A hydra (D)
  An ice dragon (D)
  2 centaur warriors (D)
  A deep troll shaman (D)
  5 ogre magi (D)
  2 deep troll earth magi (D)
  A naga sharpshooter (D)
  2 alligators (D)
  An orc high priest (D)
  4 shock serpents (D)
  A sea snake (D)
  A wolf spider (D)
  A mana viper (D)
  A water nymph (D)
  4 manticores (D)
  A griffon (D)
  Maurice (D)
  2 black mambas (D)
  A siren (D)
  A naga mage (D)
  6 spiny frogs (D)
  A komodo dragon (D)
  3 demonic crawlers (D)
  A tengu conjurer (D)
  5 two-headed ogres (D)
  3 merfolk (D)
  3 polar bears (D)
  2 jumping spiders (D)
  A bog body (D)
  A slime creature (D)
  A tarantella (D)
  A vampire mosquito (D)
  Grum (D)
  A basilisk (D)
  4 wolves (D)
  2 hungry ghosts (D)
  2 porcupines (D)
  2 ice beasts (D)
  5 black bears (D)
  A spider (D)
  A water moccasin (D)
  10 orc warriors (D)
  A phantom (D)
  A boggart (D)
  4 ogres (D)
  3 centaurs (D)
  3 crocodiles (D)
  A giant frog (D)
  A killer bee (D)
  A crimson imp (D)
  3 orc wizards (D)
  3 orc priests (D)
  2 iguanas (D)
  A sheep (D)
  2 river rats (D)
  A shadow imp (D)
  A giant gecko (D)
  9 orcs (D)
  2 bats (D)
  A bat zombie (D)
  A giant cockroach (D)
  2 hobgoblins (D)
  3 kobolds (D)
  A ball python (D)
  A giant newt (D)
  A jackal zombie (D)
  2 rats (D)
154 creatures vanquished.

Vanquished Creatures (others)
  A spatial maelstrom (D)
  A swamp drake (D)
  A goblin (D)
  A plant (D)
4 creatures vanquished.

Grand Total: 158 creatures vanquished

Notes
Turn   | Place    | Note
--------------------------------------------------------------
     0 | D        | ahoge, the Gargoyle Fighter, began the quest for the Orb.
     0 | D        | Reached XP level 1. HP: 14/14 MP: 1/1
     0 | D        | Banished a spatial maelstrom
    24 | D        | Reached skill level 4 in Maces & Flails
    24 | D        | Reached XP level 2. HP: 10/19 MP: 2/2
   167 | D        | Noticed a centaur
   167 | D        | Noticed a crimson imp
   167 | D        | Noticed an orc wizard
   173 | D        | Killed a centaur
   173 | D        | Reached skill level 7 in Maces & Flails
   173 | D        | Reached skill level 1 in Stealth
   173 | D        | Reached XP level 3. HP: 8/23 MP: 3/3
   173 | D        | Reached XP level 4. HP: 9/28 MP: 4/4
   187 | D        | Killed an orc wizard
   195 | D        | Killed a crimson imp
   195 | D        | Reached skill level 8 in Maces & Flails
   195 | D        | Reached XP level 5. HP: 6/32 MP: 5/5
   232 | D        | Found a glowing silver altar of Zin.
   232 | D        | Found a glowing golden altar of the Shining One.
   232 | D        | Found an ancient bone altar of Kikubaaqudgha.
   232 | D        | Found a basalt altar of Yredelemnul.
   232 | D        | Found a shimmering altar of Xom.
   232 | D        | Found a radiant altar of Vehumet.
   233 | D        | Found an iron altar of Okawaru.
   234 | D        | Found a burning altar of Makhleb.
   235 | D        | Found a deep blue altar of Sif Muna.
   236 | D        | Found a bloodstained altar of Trog.
   237 | D        | Found a sparkling altar of Nemelex Xobeh.
   238 | D        | Found a white marble altar of Elyvilon.
   239 | D        | Found a roughly hewn altar of Beogh.
   240 | D        | Found a viscous altar of Jiyva.
   241 | D        | Found a corrupted altar of Lugonu.
   243 | D        | Became a worshipper of Warmaster Okawaru
   245 | D        | Found a blossoming altar of Fedhas.
   246 | D        | Found a snail-covered altar of Cheibriados.
   247 | D        | Found a shadowy altar of Dithmenos.
   248 | D        | Found a stormy altar of Qazlal.
   249 | D        | Found an opulent altar of Gozag.
   250 | D        | Found a sacrificial altar of Ru.
   318 | D        | Noticed a centaur
   318 | D        | Noticed an ice beast
   318 | D        | Noticed a killer bee
   318 | D        | Noticed an ice beast
   318 | D        | Noticed a giant frog
   325 | D        | Killed a centaur
   325 | D        | Reached skill level 9 in Maces & Flails
   325 | D        | Reached skill level 5 in Dodging
   333 | D        | Killed an ice beast
   333 | D        | Acquired Okawaru's first power
   333 | D        | Reached skill level 10 in Maces & Flails
   333 | D        | Reached XP level 6. HP: 18/37 MP: 6/6
   337 | D        | Killed a killer bee
   337 | D        | Reached skill level 11 in Maces & Flails
   347 | D        | Killed an ice beast
   347 | D        | Reached XP level 7. HP: 9/41 MP: 7/7
   350 | D        | Killed a giant frog
   350 | D        | Reached skill level 12 in Maces & Flails
   593 | D        | Noticed a centaur
   593 | D        | Noticed a hungry ghost
   593 | D        | Noticed a phantom
   593 | D        | Noticed a hungry ghost
   607 | D        | Killed a phantom
   612 | D        | Killed a centaur
   629 | D        | Killed a hungry ghost
   629 | D        | Reached skill level 13 in Maces & Flails
   637 | D        | Killed a hungry ghost
   637 | D        | Reached XP level 8. HP: 40/46 MP: 8/8
   759 | D        | Noticed a spiny frog
   759 | D        | Noticed an iguana
   759 | D        | Noticed a crocodile
   759 | D        | Noticed a spiny frog
   759 | D        | Noticed an iguana
   763 | D        | Noticed a six-headed hydra
   770 | D        | Noticed a basilisk
   773 | D        | Killed a spiny frog
   773 | D        | Reached skill level 14 in Maces & Flails
   777 | D        | Killed an iguana
   783 | D        | Killed a six-headed hydra
   783 | D        | Reached skill level 15 in Maces & Flails
   783 | D        | Reached XP level 9. HP: 34/51 MP: 7/9
   784 | D        | Noticed a crocodile
   789 | D        | Killed a crocodile
   795 | D        | Killed a spiny frog
   803 | D        | Killed a basilisk
   803 | D        | Reached skill level 16 in Maces & Flails
   805 | D        | Killed an iguana
   812 | D        | Killed a crocodile
   812 | D        | Reached skill level 5 in Fighting
   949 | D        | Noticed a spiny frog
   949 | D        | Noticed a porcupine
   949 | D        | Noticed a water moccasin
   949 | D        | Noticed a porcupine
   949 | D        | Noticed a crocodile
   956 | D        | Killed a spiny frog
   956 | D        | Reached skill level 10 in Dodging
   957 | D        | Noticed a komodo dragon
   968 | D        | Killed a porcupine
   971 | D        | Killed a water moccasin
   975 | D        | Killed a porcupine
   975 | D        | Received a gift from Okawaru
   984 | D        | Killed a crocodile
   984 | D        | Reached skill level 5 in Armour
   990 | D        | Killed a komodo dragon
   990 | D        | Reached XP level 10. HP: 57/61 MP: 10/10
   992 | D        | Noticed a spiny frog
  1004 | D        | Killed a spiny frog
  1021 | D        | Noticed a black bear
  1021 | D        | Noticed a black bear
  1021 | D        | Noticed a black bear
  1021 | D        | Noticed a black bear
  1021 | D        | Noticed a polar bear
  1021 | D        | Noticed a polar bear
  1023 | D        | Killed a black bear
  1023 | D        | Acquired Okawaru's second power
  1023 | D        | Reached skill level 17 in Maces & Flails
  1025 | D        | Killed a black bear
  1026 | D        | Noticed a black bear
  1028 | D        | Noticed a polar bear
  1028 | D        | Killed a black bear
  1043 | D        | Killed a polar bear
  1058 | D        | Killed a polar bear
  1062 | D        | Killed a black bear
  1071 | D        | Killed a polar bear
  1074 | D        | Killed a black bear
  1276 | D        | Noticed Maurice
  1289 | D        | Killed Maurice
  1289 | D        | Received a gift from Okawaru
  1339 | D        | Noticed an orc warrior
  1339 | D        | Noticed an orc priest
  1341 | D        | Noticed an orc warrior
  1349 | D        | Killed an orc warrior
  1357 | D        | Noticed an orc priest
  1365 | D        | Killed an orc warrior
  1367 | D        | Killed an orc priest
  1368 | D        | Noticed an orc priest
  1376 | D        | Killed an orc priest
  1383 | D        | Killed an orc priest
  1487 | D        | Noticed an orc high priest
  1487 | D        | Noticed an orc warrior
  1487 | D        | Noticed an orc warrior
  1487 | D        | Noticed an orc warrior
  1487 | D        | Noticed an orc wizard
  1489 | D        | Noticed an orc warrior
  1500 | D        | Noticed an orc warrior
  1501 | D        | Killed an orc high priest
  1501 | D        | Reached skill level 18 in Maces & Flails
  1506 | D        | Killed an orc warrior
  1511 | D        | Killed an orc warrior
  1512 | D        | Noticed an orc wizard
  1518 | D        | Noticed an orc warrior
  1519 | D        | Killed an orc warrior
  1522 | D        | Noticed an orc warrior
  1527 | D        | Killed an orc warrior
  1529 | D        | Noticed an orc warrior
  1534 | D        | Killed an orc warrior
  1540 | D        | Killed an orc wizard
  1540 | D        | Reached XP level 11. HP: 71/71 MP: 5/11
  1546 | D        | Killed an orc warrior
  1548 | D        | Killed an orc wizard
  1558 | D        | Killed an orc warrior
  1558 | D        | Received a gift from Okawaru
  1563 | D        | Killed an orc warrior
  1609 | D        | Found Teent's Book Emporium.
  1609 | D        | Noticed an ogre
  1609 | D        | Noticed an ogre mage
  1609 | D        | Noticed an ogre mage
  1609 | D        | Noticed a two-headed ogre
  1609 | D        | Noticed an ogre mage
  1610 | D        | Noticed an ogre
  1616 | D        | Killed an ogre mage
  1616 | D        | Reached skill level 10 in Fighting
  1622 | D        | Killed an ogre mage
  1628 | D        | Killed an ogre mage
  1629 | D        | Found Feczas's Gadget Shoppe.
  1629 | D        | Noticed a two-headed ogre
  1634 | D        | Killed a two-headed ogre
  1635 | D        | Noticed an ogre mage
  1637 | D        | Killed an ogre
  1638 | D        | Found Badgh's Weapon Emporium.
  1638 | D        | Noticed a two-headed ogre
  1640 | D        | Noticed a two-headed ogre
  1640 | D        | Killed an ogre
  1642 | D        | Noticed an ogre mage
  1645 | D        | Killed a two-headed ogre
  1646 | D        | Found Ahozxiddy's Assorted Antiques.
  1646 | D        | Noticed an ogre
  1649 | D        | Killed a two-headed ogre
  1652 | D        | Killed an ogre mage
  1654 | D        | Noticed an ogre
  1657 | D        | Killed an ogre mage
  1661 | D        | Killed a two-headed ogre
  1668 | D        | Killed an ogre
  1672 | D        | Killed an ogre
  1741 | D        | Bought the cursed +0 flail of False Accusations {crush, +Blink Str+5} for 293 gold pieces
  1793 | D        | Noticed Gastronok
  1814 | D        | Killed Gastronok
  1814 | D        | Reached skill level 5 in Shields
  2000 | D        | Noticed a two-headed ogre
  2000 | D        | Noticed a tengu conjurer
  2000 | D        | Noticed a centaur warrior
  2000 | D        | Noticed a centaur warrior
  2000 | D        | Noticed a manticore
  2001 | D        | Noticed a manticore
  2003 | D        | Killed a two-headed ogre
  2003 | D        | Received a gift from Okawaru
  2003 | D        | Reached XP level 12. HP: 86/86 MP: 4/12
  2004 | D        | Noticed a boggart
  2007 | D        | Killed a tengu conjurer
  2018 | D        | Killed a centaur warrior
  2019 | D        | Noticed a deep troll earth mage
  2022 | D        | Killed a centaur warrior
  2022 | D        | Received a gift from Okawaru
  2022 | D        | Reached skill level 15 in Fighting
  2023 | D        | Noticed a fire dragon
  2027 | D        | Noticed a great orb of eyes
  2031 | D        | Killed a manticore
  2032 | D        | Noticed a fire dragon
  2037 | D        | Killed a manticore
  2038 | D        | Noticed a deep troll earth mage
  2043 | D        | Killed a deep troll earth mage
  2054 | D        | Killed a fire dragon
  2056 | D        | Noticed an ettin
  2078 | D        | Killed a great orb of eyes
  2091 | D        | Killed a fire dragon
  2092 | D        | Noticed an ice dragon
  2095 | D        | Killed a deep troll earth mage
  2110 | D        | Killed an ettin
  2120 | D        | Killed an ice dragon
  2120 | D        | Reached skill level 10 in Shields
  2140 | D        | Killed a boggart
  2433 | D        | Noticed Louise
  2451 | D        | Killed Louise
  2462 | D        | Noticed Aizul
  2477 | D        | Killed Aizul
  2477 | D        | Received a gift from Okawaru
  2477 | D        | Reached XP level 13. HP: 97/97 MP: 8/13
  2478 | D        | Got a fine great mace {god gift}
  2482 | D        | Gained mutation: You are dopey. (Int -2) [mutagenic meat]
  2483 | D        | Gained mutation: Scrolls take you a little longer to read. [mutagenic meat]
  2484 | D        | Gained mutation: Potions and wands are less effective at restoring your health. [mutagenic meat]
  2485 | D        | Gained mutation: Your muscles are strong. (Str +2) [mutagenic meat]
  2486 | D        | Gained mutation: You have a pair of small horns on your head. [mutagenic meat]
  2493 | D        | Identified the +10 great mace of Modesty {vamp, rPois rF+ Str+4} (Okawaru gifted it to you in the Dungeon)
  2531 | D        | Noticed a black mamba
  2531 | D        | Noticed a shock serpent
  2531 | D        | Noticed a shock serpent
  2531 | D        | Noticed a naga sharpshooter
  2531 | D        | Noticed a mana viper
  2531 | D        | Noticed a black mamba
  2534 | D        | Noticed a naga mage
  2542 | D        | Killed a shock serpent
  2542 | D        | Reached skill level 1 in Invocations
  2546 | D        | Killed a shock serpent
  2548 | D        | Noticed a shock serpent
  2550 | D        | Killed a black mamba
  2551 | D        | Noticed a shock serpent
  2557 | D        | Killed a naga sharpshooter
  2557 | D        | Reached skill level 10 in Armour
  2558 | D        | Killed a mana viper
  2563 | D        | Killed a black mamba
  2571 | D        | Killed a naga mage
  2580 | D        | Killed a shock serpent
  2586 | D        | Killed a shock serpent
  2878 | D        | Noticed a bog body
  2878 | D        | Noticed an alligator
  2878 | D        | Noticed a slime creature
  2878 | D        | Noticed a vampire mosquito
  2878 | D        | Noticed a spiny frog
  2879 | D        | Noticed a spiny frog
  2882 | D        | Killed a bog body
  2893 | D        | Killed an alligator
  2893 | D        | Reached skill level 19 in Maces & Flails
  2897 | D        | Killed a slime creature
  2898 | D        | Noticed an alligator
  2900 | D        | Noticed a swamp drake
  2901 | D        | Killed a vampire mosquito
  2907 | D        | Killed a spiny frog
  2908 | D        | Killed a spiny frog
  2910 | D        | Killed a swamp drake
  2916 | D        | Killed an alligator
  2932 | D        | Noticed a demonic crawler
  2932 | D        | Noticed an entropy weaver
  2932 | D        | Noticed a demonic crawler
  2932 | D        | Noticed a tarantella
  2932 | D        | Noticed a wolf spider
  2932 | D        | Noticed a demonic crawler
  2938 | D        | Killed a demonic crawler
  2938 | D        | Reached skill level 5 in Invocations
  2939 | D        | Noticed a jumping spider
  2944 | D        | Noticed a jumping spider
  2949 | D        | Noticed a spider
  2953 | D        | Killed an entropy weaver
  2958 | D        | Killed a demonic crawler
  2966 | D        | Killed a wolf spider
  2976 | D        | Killed a tarantella
  2982 | D        | Killed a demonic crawler
  2988 | D        | Killed a jumping spider
  2991 | D        | Killed a spider
  3004 | D        | Killed a jumping spider
  3017 | D        | Noticed a manticore
  3017 | D        | Noticed a water nymph
  3017 | D        | Noticed a merfolk
  3017 | D        | Noticed a griffon
  3017 | D        | Noticed a sea snake
  3017 | D        | Noticed a manticore
  3025 | D        | Killed a manticore
  3026 | D        | Noticed a merfolk
  3034 | D        | Noticed a siren
  3034 | D        | Killed a water nymph
  3035 | D        | Noticed a merfolk
  3045 | D        | Killed a merfolk
  3051 | D        | Killed a griffon
  3057 | D        | Killed a sea snake
  3057 | D        | Received a gift from Okawaru
  3071 | D        | Killed a manticore
  3077 | D        | Killed a merfolk
  3083 | D        | Killed a merfolk
  3088 | D        | Killed a siren
  3167 | D        | Noticed a wolf
  3168 | D        | Noticed Grum
  3169 | D        | Noticed a wolf
  3170 | D        | Noticed a wolf
  3172 | D        | Noticed a wolf
  3175 | D        | Killed a wolf
  3179 | D        | Killed Grum
  3182 | D        | Killed a wolf
  3184 | D        | Killed a wolf
  3189 | D        | Killed a wolf
  3279 | D        | Noticed a purple very ugly thing
  3279 | D        | Noticed an entropy weaver
  3279 | D        | Noticed a fire giant
  3279 | D        | Noticed an entropy weaver
  3279 | D        | Noticed a deep troll shaman
  3279 | D        | Noticed a frost giant
  3286 | D        | Noticed a great orb of eyes
  3298 | D        | Killed a purple very ugly thing
  3299 | D        | Noticed a fire dragon
  3306 | D        | Killed an entropy weaver
  3316 | D        | Noticed a tengu conjurer
  3317 | D        | Killed a fire giant
  3338 | D        | Killed an entropy weaver
  3338 | D        | Reached skill level 20 in Maces & Flails
  3338 | D        | Gained mutation: Your large and strong wings let you fly indefinitely. [Gargoyle growth]
  3338 | D        | Reached XP level 14. HP: 47/106 MP: 2/20
  3341 | D        | Killed a deep troll shaman
  3344 | D        | HP: 3/159 [frost giant/bolt of cold (26)]
  3346 | D        | Noticed a deep troll earth mage
  3350 | D        | Killed from afar by a frost giant

Action                   |  1- 3 |  4- 6 |  7- 9 | 10-12 | 13-15 || total
-------------------------+-------+-------+-------+-------+-------++-------
Melee: Flail             |    25 |    18 |       |   147 |   273 ||   463
       Dire flail        |       |    28 |   138 |   210 |       ||   376
Invok: Heroism           |       |       |     1 |     9 |     5 ||    15
       Finesse           |       |       |       |     6 |     5 ||    11
  Use: Scroll            |       |       |       |     1 |     2 ||     3
       Potion            |       |       |       |     1 |     4 ||     5
  Eat: Chunk             |       |       |     2 |     6 |     9 ||    17
